[Event "*** Titled Tuesday Blitz"]
[Site "Chess.com"]
[Date "2018.04.03"]
[Round "7"]
[White "1977Ivan"]
[Black "Marcus_Harvey"]
[Result "1-0"]
[WhiteElo "2459"]
[BlackElo "2597"]
[TimeControl "180+2"]
[EndTime "14:33:58 PDT"]
[Termination "1977Ivan won by resignation"]

1. e4 e6 2. d4 d5 3. exd5 exd5 4. Nf3 Bd6 5. c4 c6 6. Nc3 Ne7 7. Bg5 O-O 8. cxd5 cxd5 9. Bd3 f6 10. Bh4 Qb6 11.
O-O Nf5 12. Nxd5 Qxb2 13. Rb1 Qa3 14. Rb3 Qa5 15. Rb5 Qxa2 16. Nc3 Qa3 17. Qc2 g6 18. Ne4 Be7 19. Nxf6+ Kg7 20. Nh5+ Kh8 21. Bxe7 Qxe7 22. Re1 Qd6 23. Ng3 Nxd4 24. Nxd4 Qxd4 25. Re4 Qg7 26. h4 Nc6 27. h5 Bf5 28. Nxf5 gxf5 29. Re3 Nd4 30. Qb2 Nxb5 31. Qxb5 f4 32. Re5 a6 33. Qa5 b6 34. Qe1 Rad8 35. Re7 Rf7 36. Re8+ Rxe8 37.
Qxe8+ Rf8 38. Qe4 f3 39. g3 h6 40. Kh2 b5 41. Qd5 Qf6 42. Bg6 b4 43. Qb7 Qg7 44. Qxa6 Rb8 45. Qd6 Qf8 46. Qe5+ Kg8 47. Qe6+ Kg7 48.
Qe5+ Kg8 49. Be4 Rd8 50. Bd5+ Rxd5 51. Qxd5+ Qf7 52. Qd8+ Kg7 53. Qd4+ Kf8 54. Qxb4+ Ke8 55. Qg4 Ke7 56. Qg6 Qf8 57. Kh3 Qc8+ 58. g4 Qf8 59. Kg3 Kd7 60. Qf5+ Qxf5 61. gxf5 Kd6 62. Kxf3 Ke5 63. Kg4 1-0

[Event "*** Titled Tuesday Blitz"]
[Site "Chess.com"]
[Date "2018.04.03"]
[Round "7"]
[White "JozefKneht"]
[Black "SmoothAsAHedgehog"]
[Result "0-1"]
[WhiteElo "2425"]
[BlackElo "2579"]
[TimeControl "180+2"]
[EndTime "14:34:05 PDT"]
[Termination "SmoothAsAHedgehog won by checkmate"]

1. d4 Nf6 2. Nf3 e6 3. Bf4 c5 4.
e3 Be7 5. c3 O-O 6. Bd3 b6 7. Nbd2 cxd4 8. exd4 Bb7 9. Qe2 d6 10.
O-O Nbd7 11. Rfe1 Qc7 12. Nf1 Rfe8 13. Ng3 Bf8 14. Ng5 e5 15. dxe5 dxe5 16. Bd2 h6 17. N5e4 Rad8 18. Rad1 Bc6 19. Nf5 Nxe4 20. Bxe4 Bxe4 21. Qxe4 Nf6 22. Qh4 Nh7 23. Qg4 Kh8 24.
Be3 Rxd1 25. Rxd1 Rd8 26. h3 Qc8 27. Rxd8 Qxd8 28. Qa4 Qc8 29. g4 Qc7 30. Qe8 Kg8 31. Qa8 Nf6 32. Qf3 Ne8 33. Qe4 Nf6 34. Qf3 Ne8 35.
Qa8 Qd7 36. a4 h5 37. a5 hxg4 38. hxg4 g6 39. axb6 axb6 40. Ng3 b5 41. Qf3 Be7 42. g5 Ng7 43. Qa8+ Kh7 44. Qb8 Qd6 45. Qxb5 Ne6 46.
Ne4 Qd1+ 47. Qf1 Qg4+ 48. Qg2 Qd1+ 49. Qf1 Qc2 50. Nf6+ Bxf6 51. gxf6 g5 52. Qc1 Qe4 53. b4 g4 54. b5 Nf4 55. Bxf4 exf4 56. c4 g3 57.
fxg3 fxg3 58. c5 Qd4+ 59. Kh1 Qh4+ 60. Kg1 Qh2+ 61. Kf1 Qf2# 0-1

[Event "*** Titled Tuesday Blitz"]
[Site "Chess.com"]
[Date "2018.04.03"]
[Round "7"]
[White "nickmatta"]
[Black "pedromartinez91"]
[Result "0-1"]
[WhiteElo "2299"]
[BlackElo "2378"]
[TimeControl "180+2"]
[EndTime "14:34:10 PDT"]
[Termination "pedromartinez91 won by resignation"]

1. d4 Nf6 2. c4 g6 3. Nc3 Bg7 4. e4 O-O 5. Nf3 c6 6. Bd3 d5 7. cxd5 cxd5 8. e5 Ne8 9. h3 Nc6 10. O-O f6 11. Re1 e6 12. Bd2 fxe5 13. dxe5 Bd7 14. Rc1 Rxf3 15. Qxf3 Nxe5 16. Qe2 Nxd3 17. Qxd3 Nd6 18. Bf4 Nf5 19. Be5 Bh6 20. Rcd1 Bc6 21.
Ne4 Bg7 22. Nc5 Qe7 23. Bxg7 Nxg7 24. Nb3 e5 25. Na5 Re8 26. Qb3 Qd7 27. Rc1 Nf5 28.
Red1 Nd4 29. Qb4 Ne2+ 30. Kf1 Nxc1 31. Rxc1 Qc8 32. Kg1 Qd7 33. Qc5 b6 34. Qxc6 Qxc6 35. Rxc6 bxa5 36. Rc5 Rb8 37. Rxd5 a4 38. Ra5 Rxb2 39.
Rxa4 Rb7 40. Ra5 Re7 41. Kf1 Kf7 42. Ke2 Ke6 43. Ke3 Rb7 44. a3 Kf5 45. g4+ Kg5 46. Rxe5+ Kh4 47. Ra5 Kxh3 48. Kf4 Kg2 49. f3 Rf7+ 50.
Ke4 Kg3 51. Ra6 Rf4+ 52. Ke5 Rxf3 53. Rxa7 h6 54. Ra6 g5 55. Rxh6 Kxg4 56. Ra6 Re3+ 57.
Kf6 Rf3+ 58. Kg6 Kh4 59. a4 g4 60. Kh6 g3 61. a5 g2 62. Rg6 Rg3 0-1

[Event "*** Titled Tuesday Blitz"]
[Site "Chess.com"]
[Date "2018.04.03"]
[Round "7"]
[White "ruvat"]
[Black "DiogenesSinopeus"]
[Result "0-1"]
[WhiteElo "2271"]
[BlackElo "2422"]
[TimeControl "180+2"]
[EndTime "14:34:13 PDT"]
[Termination "DiogenesSinopeus won on time"]

1. d4 Nf6 2. c4 e6 3. g3 Bb4+ 4. Bd2 c5 5. Nf3 Qb6 6. Bg2 Nc6 7. d5 exd5 8. cxd5 Nxd5 9. O-O O-O 10. a3 Bxd2 11. Nbxd2 Nf6 12. Nc4 Qc7 13. Qd6 Qxd6 14.
Nxd6 Ne8 15. Rfd1 Nxd6 16. Rxd6 Re8 17. e3 Kf8 18. Ng5 h6 19. Ne4 b6 20. Rad1 Re6 21.
R6d2 Ke7 22. Nc3 Rb8 23. Nd5+ Kf8 24. Nc7 Rf6 25. Nd5 Rd6 26. f4 Ne7 27. Nc3 Rxd2 28.
Rxd2 Nf5 29. Kf2 h5 30. Bh3 g6 31. Bxf5 gxf5 32. Rd5 Ba6 33. Rxf5 d6 34. Rxh5 Kg7 35.
Rd5 Rd8 36. h4 Bb7 37. Rg5+ Kf8 38. e4 a6 39. a4 Bc6 40. h5 b5 41. axb5 axb5 42.
h6 Ke7 43. Rh5 b4 44. Nd5+ Bxd5 45. exd5 c4 46. Ke3 c3 47. bxc3 b3 48. Rh1 Kf6 49. g4 Kg6 50. g5 Kf5 51. h7 Rb8 52.
Kd3 b2 53. Kc2 Kg6 54. Rb1 Kxh7 55. Rxb2 Rd8 56. f5 Re8 57. Rb7 Kg8 58. c4 Re5 59. g6 f6 0-1

[Event "*** Titled Tuesday Blitz"]
[Site "Chess.com"]
[Date "2018.04.03"]
[Round "7"]
[White "indfraeng"]
[Black "Entilza"]
[Result "1/2-1/2"]
[WhiteElo "1822"]
[BlackElo "2183"]
[TimeControl "180+2"]
[EndTime "14:34:40 PDT"]
[Termination "Game drawn by agreement"]

1. d4 d5 2. c4 e6 3. Nc3 Be7 4.
cxd5 exd5 5. Bf4 Nf6 6. e3 c6 7. Bd3 Bg4 8. f3 Bh5 9. Nge2 Bg6 10. Bg3 O-O 11. Nf4 Bxd3 12. Nxd3 Re8 13. O-O Bd6 14.
Bxd6 Qxd6 15. Re1 Nbd7 16. Qb3 b6 17. Rac1 Re7 18. Qb4 c5 19. dxc5 bxc5 20. Qf4 Qa6 21. Red1 Rae8 22. Qa4 Qb7 23. Nf4 Nb6 24. Qb5 Rc8 25.
Nfxd5 Re6 26. Nxf6+ Rxf6 27. Nd5 Re6 28. Nxb6 Rxb6 29. Qd3 h6 30. b3 Rb4 31. Qd7 Rc7 32. Qd8+ Kh7 33. Qd3+ Kg8 34. Qd8+ Kh7 35. Qd3+ g6 36.
Qd5 Qb6 37. Rc4 a5 38. e4 a4 39. bxa4 Qa6 40. Rxb4 cxb4 41. Qb3 Qb6+ 42. Kh1 Kg7 43. h3 Rc3 44. Qb2 Kh7 45. Rb1 Qc5 46. Qe2 Rc2 47.
Qb5 Qf2 48. Qf1 Qc5 49. Qg1 Qc3 50. Qb6 Rxa2 51. Qxb4 Qc2 52. Rg1 Rxa4 53. Qb7 Qa2 54. Qc7 h5 55. e5 Rd4 56. Re1 Qe6 57. Qb8 Rd2 58. Qb4 Rc2 59. Qd6 Qa2 60. e6 Rxg2 61. exf7 Rg5 62. Rg1 Rxg1+ 63. Kxg1 Qxf7 64. Qg3 Qa7+ 65. Kh2 Qe3 66. Kg2 Kh6 67. f4 Qe2+ 68.
Qf2 Qd3 69. Qf3 Qc2+ 70. Qf2 Qc4 71. Qf1 Qd5+ 72. Qf3 Qd2+ 73. Qf2 Qd5+ 1/2-1/2

[Event "*** Titled Tuesday Blitz"]
[Site "Chess.com"]
[Date "2018.04.03"]
[Round "7"]
[White "Noukii"]
[Black "LastHeroJr"]
[Result "0-1"]
[WhiteElo "2591"]
[BlackElo "2446"]
[TimeControl "180+2"]
[EndTime "14:34:53 PDT"]
[Termination "LastHeroJr won by resignation"]

1. d4 Nf6 2. Nf3 g6 3. c4 Bg7 4.
Nc3 O-O 5. Bg5 d6 6. e3 h6 7. Bh4 g5 8. Bg3 Nh5 9. Qc2 e6 10. Be2 Na6 11. a3 Qe7 12. O-O-O Nxg3 13. hxg3 c5 14. d5 Nc7 15. dxe6 Bxe6 16. Ne4 Bf5 17. Bd3 Bg6 18. g4 d5 19. Ng3 dxc4 20. Bxg6 fxg6 21. Qxc4+ Rf7 22. Rd2 b5 23. Qe4 Qxe4 24.
Nxe4 c4 25. Rhd1 Re7 26. Nc3 a5 27. Rd7 Rae8 28. Rxe7 Rxe7 29. Rd8+ Kf7 30. Rb8 Bxc3 31. bxc3 Nd5 32. Kc2 Nf6 33. Nh2 Re5 34. Ra8 a4 35. Rb8 Nd7 36. Rb7 Ke6 37. Nf3 Re4 38. Nd4+ Ke7 39.
Rxb5 Rxg4 40. g3 h5 41. Kd2 h4 42. Ke2 hxg3 43. fxg3 Rxg3 44. Kf2 Rg4 45. Rb4 Ne5 46. Rxa4 Rh4 47. Ra7+ Kd6 48. Ra6+ Kd5 49. Ra5+ Kd6 50. a4 Rh2+ 51. Kg3 Ra2 52. Ra6+ Kd5 53. a5 Ra3 54. Ra8 Rxc3 55. Kf2 Ra3 56. a6 Ng4+ 57. Ke2 Rxe3+ 58. Kd2 Rd3+ 59. Kc2 Ne3+ 60. Kb2 c3+ 61. Kb3 c2+ 62. Kb2 Nc4+ 63. Kxc2 Ra3 64. Nb3 g4 65. Kc3 Nb6 66. Rd8+ Kc6 67. Rg8 Nd5+ 68. Kb2 Rxa6 69.
Rxg6+ Kb5 70. Nd4+ Ka5 71. Nb3+ Kb5 72. Rxg4 Rf6 73.
Rg5 Kc4 74. Na5+ Kd4 75. Rg4+ Kc5 76. Nb3+ Kb5 77. Nd4+ Kc4 78. Ne2+ Kc5 79. Kc2 Ne3+ 80. Kd3 Nxg4 0-1

[Event "*** Titled Tuesday Blitz"]
[Site "Chess.com"]
[Date "2018.04.03"]
[Round "7"]
[White "ristingho"]
[Black "2Tilted"]
[Result "1-0"]
[WhiteElo "2290"]
[BlackElo "2254"]
[TimeControl "180+2"]
[EndTime "14:34:55 PDT"]
[Termination "ristingho won by resignation"]

1. d4 Nf6 2. Bg5 Ne4 3. Bf4 c5 4. f3 Qa5+ 5. c3 Nf6 6. d5 e6 7.
e4 Qb6 8. Bc1 d6 9. c4 g6 10.
Nc3 a6 11. Nge2 Bg7 12. Nf4 e5 13. Nd3 O-O 14. Bg5 Nbd7 15. Qd2 Qa5 16. a3 b5 17. b4 cxb4 18. Nxb4 bxc4 19. Nc6 Qc7 20. Be3 Bb7 21. Bxc4 Bxc6 22. dxc6 Qxc6 23. Bd5 Nxd5 24. Nxd5 Kh8 25. O-O f5 26. Rfc1 Nc5 27. Bxc5 dxc5 28. Qc3 fxe4 29. fxe4 Qa4 30. Qc4 Qxc4 31. Rxc4 Rab8 32.
Rac1 Bh6 33. Rf1 Rxf1+ 34. Kxf1 Bf8 35. Ra4 c4 36. Rxc4 Bxa3 37. Ra4 Rb1+ 38. Ke2 Bc5 39.
Rxa6 Rb2+ 40. Kf3 Rf2+ 41. Kg3 Re2 42. Rc6 Bd4 43. Nf6 Kg7 44. h3 Re3+ 45. Kh2 Rc3 46. Rxc3 Bxc3 47. Nd5 Bd4 48. Kg3 h5 49. Kf3 g5 50.
Ke2 Kg6 51. g4 hxg4 52. hxg4 Kf7 53. Kd3 Ke6 54. Kc4 Bb2 55. Kc5 Bc1 56. Kc6 Bd2 57.
Kc7 Ba5+ 58. Kc8 Kd6 59. Ne3 Ke6 60. Nc4 Bc3 61. Kd8 Bd4 62. Ke8 Bc3 63. Kf8 Kf6 64. Ne3 Bd2 65. Nd5+ Kg6 66. Ke7 Bc1 67. Ke6 Bb2 68. Ne7+ Kg7 69. Nf5+ Kg6 70. Ne7+ Kg7 71. Nc6 Kg6 72. Nxe5+ Kg7 73. Nf3 Kg6 74. Ne5+ Kg7 75. Nf3 Kg6 76. e5 Bc3 77. Kd7 Kf7 78. e6+ 1-0

[Event "*** Titled Tuesday Blitz"]
[Site "Chess.com"]
[Date "2018.04.03"]
[Round "7"]
[White "TregubovP"]
[Black "SergeiAza"]
[Result "1/2-1/2"]
[WhiteElo "2540"]
[BlackElo "2665"]
[TimeControl "180+2"]
[EndTime "14:35:25 PDT"]
[Termination "Game drawn - insufficient material"]

1. d4 d5 2. c4 e6 3. Nc3 Be7 4.
cxd5 exd5 5. Bf4 c6 6. e3 Bf5 7.
Bd3 Bxd3 8. Qxd3 Nf6 9. Nf3 Nh5 10. Be5 Nd7 11. h3 Nxe5 12. dxe5 g6 13. O-O-O Ng7 14. e4 dxe4 15. Nxe4 Qxd3 16. Rxd3 Ne6 17. Rhd1 Rd8 18. Nd6+ Bxd6 19. exd6 f6 20. b4 Kd7 21. g3 Rde8 22. Kc2 Nd8 23. Kc3 Re2 24. R1d2 Rhe8 25.
a4 Nf7 26. a5 Rxd2 27. Nxd2 Nxd6 28. Nc4 Re6 29. h4 Kc7 30. Nxd6 Rxd6 31. Re3 Kd7 32. Re4 Rd5 33. f3 Re5 34. Rd4+ Ke7 35. Rd3 h5 36. Kc4 b6 37. axb6 axb6 38. Ra3 Kd6 39. Kd4 Rd5+ 40. Kc4 b5+ 41. Kc3 Ke5 42. Ra6 Rd6 43. Ra8 Kf5 44. Rc8 g5 45. Rh8 Kg6 46. Rg8+ Kh7 47. Rc8 Kg6 48. Rg8+ Kf5 49. Rh8 gxh4 50. Rxh5+ Ke6 51.
Rxh4 Rd1 52. Re4+ Kd5 53. Rf4 Ke5 54. Re4+ Kd5 55. g4 Rc1+ 56. Kd3 Rd1+ 57. Kc3 Rc1+ 58.
Kd2 Rb1 59. Kc2 Rf1 60. Rf4 Ke6 61. Kc3 Rc1+ 62. Kd2 Rb1 63. Kd3 Rc1 64. Re4+ Kd6 65. f4 c5 66. bxc5+ Rxc5 67. f5 Rd5+ 68. Kc3 Kc5 69.
Re6 b4+ 70. Kc2 Rd6 71. Re8 Rd4 72. Rf8 Rxg4 73. Rxf6 Rg2+ 74. Kb3 Rg3+ 75. Kb2 Rf3 76. Rf8 Kc4 77. Rc8+ Kd5 78. Rb8 Rxf5 79. Rb5+ Ke6 80.
Rxf5 Kxf5 81. Kb3 Ke4 82. Kxb4 1/2-1/2

[Event "*** Titled Tuesday Blitz"]
[Site "Chess.com"]
[Date "2018.04.03"]
[Round "7"]
[White "FearNoEvil12"]
[Black "RichardABates"]
[Result "0-1"]
[WhiteElo "1992"]
[BlackElo "2170"]
[TimeControl "180+2"]
[EndTime "14:35:25 PDT"]
[Termination "RichardABates won by checkmate"]

1. e4 c5 2. Nc3 Nc6 3. f4 g6 4. Nf3 Bg7 5. Bc4 e6 6. f5 Nge7 7. fxg6 hxg6 8. d3 d5 9. Bb3 b5 10. O-O c4 11. dxc4 dxc4 12. Qxd8+ Kxd8 13. Ng5 Ne5 14. Nxb5 cxb3 15. Rd1+ Bd7 16. axb3 N7c6 17. Bf4 Ke7 18. h3 f6 19. Nf3 Nxf3+ 20. gxf3 e5 21. Be3 Nd4 22. Nxd4 exd4 23. Bxd4 Bxh3 24. Rxa7+ Rxa7 25. Bxa7 Ra8 26. Bc5+ Kf7 27. b4 Be6 28. Kf2 f5 29.
exf5 Bxf5 30. c3 Ra2 31. Ke3 Rxb2 32. Bd4 Bh6+ 33. f4 Rh2 34. Rf1 Ke6 35. b5 g5 36.
fxg5 Bxg5+ 37. Kf3 Rh3+ 38. Kg2 Rd3 39. Re1+ Kd7 40.
Re5 Bh3+ 41. Kf2 Bh4+ 42. Ke2 Rg3 43. Re3 Bg4+ 44. Kd3 Rg2 45. Kc4 Be6+ 46. Kc5 Be7+ 47. Kb6 Bd8+ 48. Kc5 Rg5+ 49. Re5 Be7+ 50. Kb6 Rg8 51. Ka7 Bd6 52. Rh5 Bg4 53. Rh7+ Ke6 54. b6 Bb8+ 55. Ka6 Be2+ 56. Ka5 Bd3 57. Rh6+ Kd5 58.
b7 Rg2 59. Kb6 Rb2+ 60. Ka5 Bc7+ 61. Ka4 Rxb7 62. Rh5+ Ke4 63. Rh4+ Kf5 64. Rh5+ Kg4 65. Rc5 Bc2+ 66. Ka3 Bd6 67. Ka2 Bxc5 68. Bxc5 Kf3 69. Bb4 Ke2 70. Kb2 Kd3 71. Ka3 Kc4 72. Kb2 Bb3 73. Kb1 Rg7 74. Kb2 Rg2+ 75. Kb1 Ba4 76. Kc1 Bc2 77. Kb2 Bd1+ 78. Kc1 Bf3 79. Kb1 Kb3 80.
Kc1 Rc2+ 81. Kb1 Rd2 82. Ba3 Rd1+ 83. Bc1 Be4+ 84. Ka1 Rxc1# 0-1

[Event "*** Titled Tuesday Blitz"]
[Site "Chess.com"]
[Date "2018.04.03"]
[Round "7"]
[White "djano"]
[Black "ahmadzada13"]
[Result "1/2-1/2"]
[WhiteElo "2439"]
[BlackElo "2596"]
[TimeControl "180+2"]
[EndTime "14:35:34 PDT"]
[Termination "Game drawn - insufficient material"]

1. d4 Nf6 2. Nc3 d5 3. Bf4 Bf5 4. f3 e6 5. g4 Bg6 6. h4 h6 7. h5 Bh7 8. e3 c5 9. Nb5 Na6 10. c3 Be7 11. Bd3 Bxd3 12. Qxd3 Qb6 13. a4 c4 14. Qc2 O-O-O 15. Ne2 Ne8 16. b3 cxb3 17. Qxb3 Nd6 18. O-O Nc7 19. Rfb1 Ncxb5 20. axb5 Nc4 21.
Qa4 Nd2 22. Rb2 Nxf3+ 23. Kg2 Ng5 24. Qxa7 Qxa7 25. Rxa7 Ne4 26. c4 dxc4 27. Rc2 Bd6 28. Rxc4+ Kb8 29. b6 Bxf4 30. Nxf4 Nd6 31. Rca4 Kc8 32.
Nd3 Kd7 33. Ne5+ Ke7 34. Nc6+ Kf6 35. Nxd8 Rxd8 36. Ra8 Rxa8 37. Rxa8 Nc4 38. Rb8 Nxb6 39. Rxb7 Nc4 40. e4 e5 41. d5 Nd6 42. Rb6 Ke7 43.
Kf3 Kd7 44. Ra6 Ke7 45. Ra7+ Kf6 46. Rd7 Nc4 47. d6 Ke6 48. Re7+ Kf6 49. Rd7 Ke6 50.
Rd8 Nxd6 51. Ra8 Nb5 52. Ra6+ Ke7 53. Ke3 Nd4 54. Ra7+ Kf6 55. Ra6+ Kg5 56. Ra7 Kf6 57. Ra6+ Ne6 58. Kf3 Kg5 59. Kg3 Nc5 60. Ra5 Nxe4+ 61.
Kf3 Nd2+ 62. Ke2 Nc4 63. Rc5 Nd6 64. Rxe5+ Kxg4 65. Kd3 Nf5 66. Ra5 f6 67. Ke4 Ng3+ 68.
Kd5 Nxh5 69. Ke6 f5 70. Rxf5 Nf4+ 71. Ke5 Ng6+ 72. Ke4 h5 73. Rf7 Kg5 74. Rxg7 Kf6 75. Rh7 h4 76. Kf3 Kg5 77. Kg2 Kg4 78. Rh6 Nf4+ 79.
Kh2 Kg5 80. Rh7 Ng6 81. Ra7 Kg4 82. Ra4+ Kg5 83. Ra5+ Kg4 84. Ra4+ Kg5 85. Rxh4 Kxh4 1/2-1/2

[Event "*** Titled Tuesday Blitz"]
[Site "Chess.com"]
[Date "2018.04.03"]
[Round "7"]
[White "murmah2003"]
[Black "335394862"]
[Result "1-0"]
[WhiteElo "2450"]
[BlackElo "2307"]
[TimeControl "180+2"]
[EndTime "14:35:39 PDT"]
[Termination "murmah2003 won by checkmate"]

1. d4 Nf6 2. c4 e6 3. Nf3 b6 4. g3 Ba6 5. b3 Bb4+ 6. Bd2 Be7 7.
Bc3 O-O 8. Nbd2 Bb7 9. Bg2 c5 10. O-O cxd4 11. Bxd4 Nc6 12. Bb2 d6 13. e3 Qc7 14. Qe2 Rad8 15. Rac1 Qb8 16. Rfd1 Rd7 17. e4 Rfd8 18. Nd4 Nxd4 19. Bxd4 Ne8 20. Nb1 Bf6 21. Nc3 Bxd4 22. Rxd4 a6 23. Rcd1 Bc6 24. a4 Qb7 25. f4 Qc7 26. Qe3 Nf6 27. Bf3 e5 28. R4d2 Ba8 29. f5 Qc5 30. Kf2 Kf8 31. g4 h6 32. h4 g5 33. Ke2 Nh7 34. Rh1 Kg7 35.
Rh2 gxh4 36. Rxh4 Ng5 37. Rd1 Qxe3+ 38. Kxe3 f6 39. Rdh1 Nf7 40. R4h2 Rc8 41. Rd1 Rdc7 42. Rhd2 Ra7 43. Be2 Rac7 44. Ra2 Re7 45. Rb2 Rec7 46. Na2 Kf8 47. Nb4 Bb7 48. Ra2 Ke7 49. a5 b5 50.
cxb5 Rc3+ 51. Rd3 axb5 52. a6 Ba8 53. Kd2 Rxd3+ 54. Bxd3 Ng5 55. Nd5+ Bxd5 56. exd5 Ra8 57. Bxb5 Ra7 58. Bc6 Kd8 59. b4 Kc7 60. b5 Kb6 61.
Ke3 h5 62. gxh5 Rh7 63. a7 Rxa7 64. Rxa7 Kxa7 65. h6 Nf7 66. h7 Kb6 67. Be8 Nh8 68. Kd3 Kc5 69. Bc6 Nf7 70. Be8 Nh8 71. Ke3 Kb6 72. Kf3 Kc5 73. Kg4 Kb6 74. Kh5 e4 75. Kg4 Kc5 76. Kg3 Kb6 77. Kf2 Kc5 78. Ke3 Kxd5 79.
b6 Ke5 80. b7 d5 81. b8=Q+ Kxf5 82. Qf4+ Ke6 83. Kd4 Nf7 84. Bxf7+ Kxf7 85. h8=Q Ke6 86.
Qfxf6+ Kd7 87. Qhd8# 1-0

[Event "*** Titled Tuesday Blitz"]
[Site "Chess.com"]
[Date "2018.04.03"]
[Round "7"]
[White "TomPolgar"]
[Black "PulpanJ"]
[Result "0-1"]
[WhiteElo "2317"]
[BlackElo "2447"]
[TimeControl "180+2"]
[EndTime "14:36:02 PDT"]
[Termination "PulpanJ won by checkmate"]

1. e4 e5 2. Nf3 Nc6 3. Nc3 Nf6 4. d4 exd4 5. Nxd4 d6 6. Be3 Be7 7. Qd2 O-O 8. f3 a6 9. O-O-O Nxd4 10. Bxd4 Be6 11.
g4 b5 12. Kb1 b4 13. Nd5 c5 14.
Bxf6 Bxf6 15. Bc4 Bd4 16. h4 a5 17. h5 a4 18. g5 b3 19. cxb3 axb3 20. Bxb3 Kh8 21.
f4 Rb8 22. Qd3 Bxd5 23. exd5 Rb4 24. Rc1 Qa5 25. Rc4 Rxc4 26. Bxc4 Re8 27. Rd1 Qc7 28.
g6 fxg6 29. hxg6 h6 30. Qf5 Qb7 31. Bb3 Bf6 32. Qc2 Qe7 33. a4 Qe3 34. f5 Rb8 35. Rd3 Qe1+ 36. Ka2 Qe5 37. Rd2 Qf4 38. Re2 Be5 39.
Qe4 Qg3 40. Re3 Qg5 41. a5 Qd8 42. Qa4 Ra8 43. a6 Qb6 44. Kb1 c4 45. Rxe5 dxe5 46.
Bxc4 e4 47. Qc6 Qa7 48. d6 e3 49. d7 Rd8 50. Bb5 e2 51. Bxe2 Qd4 52. Bb5 Qd1+ 53. Ka2 Qd4 54. Qc8 Qd5+ 55. Bc4 Qa5+ 56. Kb3 Qb6+ 57. Ka4 h5 58. Qb7 Qd4 59. b3 Qa1+ 60. Kb5 Qe5+ 61. Qd5 Rb8+ 62. Kc6 Qf6+ 63. Qd6 Rb6+ 64.
Kxb6 Qxd6+ 65. Kb7 Qxd7+ 66. Kb8 Qd6+ 67. Kb7 Qb4+ 68.
Kc7 Qa5+ 69. Kb7 Qb4+ 70. Kc7 Qe7+ 71. Kb8 Qd6+ 72. Kb7 Qd7+ 73. Kb8 h4 74. a7 Qd8+ 75. Kb7 Qd7+ 76. Kb8 Qd8+ 77. Kb7 Qe7+ 78. Kb8 Qb4+ 79.
Kc7 Qc5+ 80. Kb8 Qb6+ 81. Ka8 Qc7 82. Be6 h3 83. f6 h2 84. Bd5 Qc8# 0-1

[Event "*** Titled Tuesday Blitz"]
[Site "Chess.com"]
[Date "2018.04.03"]
[Round "7"]
[White "gemarin"]
[Black "ilmago"]
[Result "0-1"]
[WhiteElo "1878"]
[BlackElo "1934"]
[TimeControl "180+2"]
[EndTime "14:36:19 PDT"]
[Termination "ilmago won by resignation"]

1. d4 Nf6 2. c4 g6 3. Nf3 Bg7 4. g3 d6 5. Bg2 O-O 6. O-O Nbd7 7. Nc3 Re8 8. Qc2 e5 9. Rd1 Qe7 10. e3 c6 11. h3 a6 12. b3 h6 13. Ba3 Bf8 14. dxe5 Nxe5 15. Bxd6 Nxf3+ 16. Bxf3 Qe6 17. Bxf8 Kxf8 18. Bg2 Bd7 19. Qd2 Rad8 20. Qd6+ Kg7 21. Na4 Bc8 22. Qxe6 Bxe6 23. Nc5 Bc8 24. Kh2 h5 25.
Rac1 a5 26. Na4 Nd7 27. Rd6 Ne5 28. Rcd1 Rxd6 29. Rxd6 Kf8 30. c5 Ke7 31. Rd4 Nd7 32. e4 Kf8 33. f4 Kg7 34. g4 hxg4 35. hxg4 Nf8 36. Kg3 Ne6 37. Rd2 g5 38. f5 Nf4 39.
Bf3 Kf6 40. Nb6 Ke7 41. Rd6 Rd8 42. Rxd8 Kxd8 43. e5 Bd7 44. Na4 Nd3 45. Be4 Nxe5 46. Bg2 Nd3 47. Kf3 Nc1 48. Nc3 Nd3 49. Na4 Kc7 50. Bf1 Ne5+ 51. Kg3 f6 52. Be2 Be8 53. Kf2 Bf7 54. Ke3 Bd5 55. Bd1 Bg2 56. Kf2 Bh3 57. Kg3 Bf1 58. Kf2 Bb5 59. Nc3 Nd3+ 60. Ke3 Nxc5 61.
Kd4 Nd7 62. Ne4 b6 63. Ng3 c5+ 64. Ke3 Bc6 65. Nh5 Kd6 66. Be2 Ke5 67. Bc4 b5 68. Be6 Nb6 69. Ng3 Bd5 70. Bxd5 Nxd5+ 71. Kf3 Nc3 72. a3 Nb1 73. a4 bxa4 74. bxa4 Nc3 75. Ke3 Nxa4 76. Ne2 Nb6 77. Kd3 c4+ 78. Kc3 Ke4 79.
Nd4 Kf4 80. Ne6+ Kxg4 81. Ng7 a4 82. Kb4 Kf4 83. Ne6+ Kxf5 84. Nd4+ Ke4 85. Nc2 g4 86. Kc5 Nd5 87. Kxc4 Ne3+ 88. Nxe3 Kxe3 89. Kb4 g3 90. Kxa4 g2 91. Kb5 g1=Q 92. Kc6 Qg2+ 0-1

[Event "*** Titled Tuesday Blitz"]
[Site "Chess.com"]
[Date "2018.04.03"]
[Round "8"]
[White "wonderfultime"]
[Black "Batica1984"]
[Result "1-0"]
[WhiteElo "2756"]
[BlackElo "2635"]
[TimeControl "180+2"]
[EndTime "14:38:06 PDT"]
[Termination "wonderfultime won by resignation"]

1. d4 Nf6 2. c4 c5 3. d5 b5 4. Nd2 bxc4 5. e4 g6 6. Qc2 Bg7 7. Bxc4 Bb7 8. Ne2 O-O 9. O-O d6 10. Nc3 Nbd7 11. b3 Nxe4 12. Ndxe4 1-0

[Event "*** Titled Tuesday Blitz"]
[Site "Chess.com"]
[Date "2018.04.03"]
[Round "8"]
[White "eldur16"]
[Black "kjzsdu"]
[Result "1-0"]
[WhiteElo "2568"]
[BlackElo "2440"]
[TimeControl "180+2"]
[EndTime "14:38:22 PDT"]
[Termination "eldur16 won by resignation"]

1. e4 c5 2. Ne2 a6 3. g3 b6 4.
Bg2 Bb7 5. d4 cxd4 6. Nxd4 e6 7.
Nc3 Nf6 8. O-O Bb4 9. Re1 O-O 10. Bg5 Nc6 11. e5 h6 12. Bxf6 g6 1-0

[Event "*** Titled Tuesday Blitz"]
[Site "Chess.com"]
[Date "2018.04.03"]
[Round "8"]
[White "nOcHeaTiNgKiD"]
[Black "pultineviciuspaulius"]
[Result "0-1"]
[WhiteElo "2384"]
[BlackElo "2598"]
[TimeControl "180+2"]
[EndTime "14:39:23 PDT"]
[Termination "pultineviciuspaulius won by resignation"]

1. d4 Nf6 2. c4 e6 3. Nf3 d5 4.
Nc3 Be7 5. g3 O-O 6. Bg2 dxc4 7.
O-O Nbd7 8. e4 a6 9. a4 Rb8 10. Qe2 b5 11. axb5 axb5 12. Ne5 Nxe5 13. dxe5 Nd7 14. f4 Nc5 15. Rd1 Nd3 16. Be3 Qd7 17. b3 Bb7 18. Ra7 Rfd8 19. bxc4 bxc4 20. Qg4 Qc6 21. Ra2 Bc5 22. Qe2 Qb6 23. Bxc5 Qxc5+ 24. Kh1 Bc6 25. Rad2 Rb3 0-1

[Event "*** Titled Tuesday Blitz"]
[Site "Chess.com"]
[Date "2018.04.03"]
[Round "8"]
[White "lukas_111111"]
[Black "EmeseBalogh"]
[Result "1-0"]
[WhiteElo "2490"]
[BlackElo "1960"]
[TimeControl "180+2"]
[EndTime "14:39:38 PDT"]
[Termination "lukas_111111 won by resignation"]

1. e4 d5 2. exd5 Qxd5 3. Nc3 Qd6 4. d4 c6 5. Nf3 Nf6 6. g3 Bg4 7. Bg2 e6 8. h3 Bh5 9. O-O Qc7 10. g4 Bg6 11. Ne5 Nbd7 12. f4 Bd6 13. Qe2 O-O 14. Bd2 c5 15. Nb5 Qb8 16. Nxd7 Nxd7 17. f5 exf5 18.
gxf5 Re8 19. Qf3 cxd4 20. fxg6 fxg6 21. Qf7+ 1-0

[Event "*** Titled Tuesday Blitz"]
[Site "Chess.com"]
[Date "2018.04.03"]
[Round "8"]
[White "Vice64"]
[Black "ristingho"]
[Result "1-0"]
[WhiteElo "2363"]
[BlackElo "2283"]
[TimeControl "180+2"]
[EndTime "14:40:05 PDT"]
[Termination "Vice64 won by resignation"]

1. e4 c6 2. d4 d5 3. e5 Bf5 4.
Nf3 e6 5. Be2 c5 6. Be3 cxd4 7.
Nxd4 Ne7 8. Nd2 Nbc6 9. N2f3 Be4 10. O-O Bxf3 11. Nxf3 Ng6 12. c4 dxc4 13. Bxc4 Qxd1 14.
Rfxd1 Bb4 15. Bb5 Ke7 16. Bxc6 bxc6 17. a3 Ba5 18. Bc5+ Ke8 19. Rd6 Ne7 20. Rad1 Bc7 21. Rd7 Rc8 22. Rxe7+ 1-0

[Event "*** Titled Tuesday Blitz"]
[Site "Chess.com"]
[Date "2018.04.03"]
[Round "8"]
[White "HanSchut"]
[Black "Vadim_Biliy"]
[Result "1-0"]
[WhiteElo "2195"]
[BlackElo "2105"]
[TimeControl "180+2"]
[EndTime "14:40:15 PDT"]
[Termination "HanSchut won by resignation"]

1. e4 e5 2. Nf3 Nc6 3. Bc4 Be7 4. d4 d6 5. h3 Nf6 6. Nc3 O-O 7. O-O a6 8. a4 Bd7 9. Be3 h6 10. a5 Nh7 11.
Qd2 Bf6 12. Rfd1 Qc8 13. Kh2 Ne7 14. dxe5 Bg5 15. Nxg5 hxg5 16. Bxg5 Ng6 17. exd6 cxd6 18. Bb3 Be6 19. Nd5 Ne5 20. Ne7+ 1-0

[Event "*** Titled Tuesday Blitz"]
[Site "Chess.com"]
[Date "2018.04.03"]
[Round "8"]
[White "Marcus_Harvey"]
[Black "DACF2905"]
[Result "1-0"]
[WhiteElo "2598"]
[BlackElo "2054"]
[TimeControl "180+2"]
[EndTime "14:40:16 PDT"]
[Termination "Marcus_Harvey won by resignation"]

1. d4 Nf6 2. Nf3 e6 3. Bf4 d6 4. e3 Be7 5. h3 O-O 6. c4 c5 7. Nc3 Nc6 8. dxc5 dxc5 9. Be2 b6 10. O-O Bb7 11. Nb5 Ne4 12. Qb1 Nb4 13. Rd1 Qc8 14. Nc7 Rb8 15. Nb5 Ra8 16. Nc7 Rb8 17. a3 Na6 18.
Nxa6 Bxa6 19. Bxb8 Qxb8 20. Qxe4 Bb7 21. Qf4 Qa8 22.
Rd7 Bf6 23. Ne5 Bxg2 24. Bf3 Bxe5 25. Bxa8 Bxf4 26. Bxg2 Be5 27. Rb1 a5 28. b4 axb4 29. axb4 f5 30. b5 1-0

[Event "*** Titled Tuesday Blitz"]
[Site "Chess.com"]
[Date "2018.04.03"]
[Round "8"]
[White "DiogenesSinopeus"]
[Black "volodja49"]
[Result "1-0"]
[WhiteElo "2430"]
[BlackElo "2399"]
[TimeControl "180+2"]
[EndTime "14:40:36 PDT"]
[Termination "DiogenesSinopeus won by resignation"]

1. d4 d5 2. c4 e6 3. Nc3 Nf6 4.
cxd5 exd5 5. Bg5 c6 6. e3 Be7 7. Bd3 Bg4 8. Qb3 Qb6 9. Qc2 Nbd7 10. h3 Be6 11. f4 Nf8 12. f5 Bd7 13. Nf3 Qd8 14.
O-O h6 15. Bf4 N8h7 16. g4 Ng5 17. Qg2 Nxf3+ 18. Rxf3 Bc8 19. Qg3 Bd6 20. Bxd6 1-0